 Dungeon Crawl Stone Soup version 0.17.2 (webtiles) character file.

28 Nekros the Ruffian (level 3, 0/29 HPs)
             Began as a Draconian Transmuter on June 5, 2016.
             Slain by Terence
             ... wielding a +0 mace
              (8 damage)
             ... on level 2 of the Dungeon.
             The game lasted 00:10:23 (1485 turns).

Nekros the Ruffian (Draconian Transmuter)           Turns: 1485, Time: 00:10:23

Health: 0/29       AC:  5    Str: 13    XL:     3   Next: 0%
Magic:  1/6        EV: 12    Int: 13    God:
Gold:   92         SH:  0    Dex: 11    Spells: 3 memorised, 0 levels left

rFire  . . .     SeeInvis .       - Unarmed
rCold  . . .     Clarity  .     (armour unavailable)
rNeg   . . .     SustAt   .     (no shield)
rPois  .         Gourm    .     (helmet restricted)
rElec  .         Spirit   .     (no cloak)
rCorr  .         Warding  .     (no gloves)
rMut   .         Stasis   .     (no boots)
MR     .....                    (no amulet)
Stlth  +.........               (no ring)
                                (no ring)

@: very slightly contaminated, not resistant to hostile enchantments, very
unstealthy
A: unfitting armour, cold-blooded, AC +5
a: no special abilities


You were on level 2 of the Dungeon.
You were not hungry.

You visited 1 branch of the dungeon, and saw 2 of its levels.

You collected 92 gold pieces.

Inventory:

Missiles
 a - 24 arrows
 j - 95 stones (quivered)
Jewellery
 p - a +4 ring of slaying {unknown}
Scrolls
 e - a scroll of fog {unknown}
 f - a scroll of identify {unknown}
 h - 2 scrolls of remove curse {unknown}
 i - a scroll of teleportation {unknown}
 k - a scroll of immolation {unknown}
 l - a scroll of fear {unknown}
 m - a scroll of magic mapping {unknown}
 q - 2 scrolls of blinking {unknown}
Potions
 d - a potion of invisibility {unknown}
 g - a potion of might
 n - a potion of curing {unknown}
 o - a potion of brilliance {unknown}
Books
 b - a book of Changes

   Spells                             Type                      Level
   a - Beastly Appendage              Transmutation                1
   b - Sticks to Snakes               Transmutation                2
   c - Spider Form                    Transmutation/Poison         3
   d - Ice Form                       Ice/Transmutation            4
   e - Blade Hands                    Transmutation                5


   Skills:
 - Level 2.1 Fighting
 + Level 2.7 Dodging
 - Level 3.0 Unarmed Combat
 - Level 2.0 Spellcasting
 * Level 2.0 Transmutations
 * Level 0.0 Poison Magic


You couldn't memorise any spells.
You knew the following spells:

 Your Spells              Type           Power        Failure   Level  Hunger
a - Beastly Appendage     Trmt           #.....       12%         1    ##.....
b - Sticks to Snakes      Trmt           #.........   17%         2    ###....
c - Spider Form           Trmt/Pois      #.........   52%         3    ####...


Dungeon Overview and Level Annotations

Branches:
Dungeon (2/15)

Altars:
Okawaru

Annotations:
D:2 Terence


Innate Abilities, Weirdness & Mutations

Your plain brown scales are hard (AC +5).
Your body does not fit into most forms of armour.
You are cold-blooded and may be slowed by cold attacks.


Message History

Terence is moderately wounded.
Terence closely misses you.
You closely miss Terence. You claw Terence, but do no damage.
Terence is moderately wounded.
Your transformation is almost over.
Terence barely misses you.
You barely miss Terence.
Terence is moderately wounded.
You barely miss Terence. Your kick misses Terence.
Terence is moderately wounded.
Terence hits you with a mace!
You barely miss Terence. You claw Terence, but do no damage.
Terence is moderately wounded.
Terence hits you with a mace.
* * * LOW HITPOINT WARNING * * *
Your talons disappear.
Casting: Sticks to Snakes
Confirm with . or Enter, or press ? or * to list all spells.
You create a snake!
Terence hits you with a mace!
You die...

#.###.# #...# ####.###
##......#
#########...#.#.#
#.....##.###..#.#
#.###.##.# #..# # #.#
#.# #.##.###S##
..#####.###.###>@@###.#
#...........##...S....#
#.####.##.####.########
....##.##.####.#
#.#..........#.#
#......#####.#.#
...###.# #.#.# ...# #.#
#.#.# #..###.# #...#


You could see Terence, an adder and a friendly ball python.

Vanquished Creatures
  A ball python (D:1)
  4 bats
  A giant cockroach (D:1)
  4 hobgoblins
  2 kobolds (D:2)
  A giant newt (D:2)
  3 goblins (D:1)
  6 rats
22 creatures vanquished.

Vanquished Creatures (collateral kills)
  An adder (D:2)
  A kobold (D:2)
2 creatures vanquished.

Grand Total: 24 creatures vanquished

Notes
Turn   | Place    | Note
--------------------------------------------------------------
     0 | D:1      | Nekros the Draconian Transmuter began the quest for the Orb.
     0 | D:1      | Reached XP level 1. HP: 16/16 MP: 3/3
   457 | D:1      | Reached XP level 2. HP: 24/24 MP: 3/5
   464 | D:1      | Learned a level 2 spell: Sticks to Snakes
   638 | D:1      | Found an iron altar of Okawaru.
  1260 | D:2      | Reached XP level 3. HP: 29/29 MP: 0/6
  1420 | D:2      | Learned a level 3 spell: Spider Form
  1464 | D:2      | Noticed Terence
  1485 | D:2      | Slain by Terence

Action                   || total
-------------------------++-------
Melee: Unarmed           ||    70
Throw: Stone             ||    26
 Cast: Beastly Appendage ||    15
       Sticks to Snakes  ||     8
  Eat: Bread ration      ||     1
